 Dungeon Crawl Stone Soup version 0.31-a0-222-gefeffbb62a (webtiles) character file.

Game seed: 8748773684755683248

9 BritishOli the Trooper (level 2, 24/24 HPs)
             Began as a Demonspawn Fighter on July 5, 2023.
             Got out of the dungeon alive.
             The game lasted 00:00:29 (643 turns).

BritishOli the Trooper (Demonspawn Fighter)          Turns: 643, Time: 00:00:29

Health: 24/24      AC:  6    Str: 16    XL:     2   Next: 3%
Magic:  2/2        EV:  8    Int:  9    God:
Gold:   65         SH:  4    Dex: 12    Spells: 1/1 levels left

rFire   . . .        a - +0 war axe
rCold   . . .        c - +0 buckler
rNeg    . . .        b - +0 scale mail
rPois   .            (no helmet)
rElec   .            (no cloak)
rCorr   .            (no gloves)
SInv    .            (no boots)
Will    .....        (no amulet) Stlth
                     (no ring)
HPRegen 0.24/turn    (no ring)
MPRegen 0.16/turn

%: no passive effects
@: no status effects
A: magic regeneration
a: no special abilities


You escaped.
You visited 1 branch of the dungeon, and saw 1 of its levels.

You collected 65 gold pieces.

Inventory:

Hand Weapons
 a - a +0 war axe (weapon)
Armour
 b - a +0 scale mail (worn)
 c - a +0 buckler (worn)
Scrolls
 f - a scroll of blinking {unknown}
Potions
 d - a potion of might
 e - a potion of brilliance {unknown}
 g - a potion of lignification {unknown}
 h - a potion of invisibility {unknown}
 i - a potion of curing {unknown}
 j - a potion of heal wounds {unknown}
 k - a potion of haste {unknown}


   Skills:
 + Level 3.1 Fighting
 + Level 2.0 Axes
 + Level 2.8 Armour
 + Level 2.8 Shields


You had one spell level left.
You didn't know any spells.
Your spell library was empty.

Dungeon Overview and Level Annotations

Branches:
Dungeon (1/15)

Altars:


Innate Abilities, Weirdness & Mutations

You regenerate magic rapidly.


Message History

No target in view!
No target in view!
No target in view!
No target in view!
No target in view!
No target in view!
No target in view!
No target in view!
No target in view!
No target in view!
No target in view!
No target in view!
No target in view!
No target in view!
No target in view!
No target in view!
No target in view!
No target in view!
No target in view!
The bat hits you but does no damage.
You closely miss the bat. You block the bat's attack. x2
The bat completely misses you.
You miss the bat. The bat closely misses you. The bat completely misses you.
No target in view!
No target in view!
The bat barely misses you.
A bat is nearby!
You hit the bat.
You kill the bat!
No target in view!
No target in view!
No target in view!
No target in view!
There is a stone staircase leading down here.
You see here a +0 club.
There is an open door here.
There is a staircase leading out of the dungeon here.
Are you sure you want to leave the Dungeon?
This will make you lose the game!
You have escaped!

.........## #.######.#
.......### #........# .##....#
###############.#
.#..######.............#####
...###..........⌠..........###
..##...⌠.................⌠...##
.##
.......⌠.........⌠........## .#
................[..........# .#
.⌠..........@..........⌠...# .#
...........................#
.## .......⌠.........⌠........#
..##...⌠.................⌠...##
#..###..........⌠..........###
#....##+##.............##'##
#.##.# ..###############..#
#.#..# .......(...........#
#.#+##########..#.####..###


There were no monsters in sight!

Vanquished Creatures
  An endoplasm (D:1)
  A goblin (D:1)
  A quokka (D:1)
  A ball python (D:1)
  2 bats (D:1)
  2 frilled lizards (D:1)
  A kobold (D:1)
  A rat (D:1)
10 creatures vanquished.

Notes
Turn   | Place    | Note
-------+----------+-------------------------------------------
     0 | D:1      | BritishOli the Demonspawn Fighter began the quest for the
                  | Orb.
     0 | D:1      | Reached XP level 1. HP: 18/18 MP: 1/1
   455 | D:1      | Found a faded altar of an unknown god.
   516 | D:1      | Gained mutation: You regenerate magic rapidly. [demonic
                  | ancestry]
   516 | D:1      | Reached XP level 2. HP: 24/24 MP: 2/2
   643 | D:$      | Got out of the dungeon alive.

Illustrated notes

Levels and vault maps discovered:
D:1:      dpeg_arrival_water_temple_mockup, layout_basic,
          basic_ecumenical_altar, nicolae_eternal_life

Skill      XL: |  1 |
---------------+----+-----
Axes           | 2 |  2.0
Fighting       | |  3.1
Armour         | |  2.8
Shields        | |  2.8

Action                     || total
---------------------------++-------
  Melee: War axe           ||    32
 Armour: Scale mail        ||    16
  Dodge: Dodged            ||    19
  Block: Buckler           ||    13

Table legend: (Time is in decaauts)
 A = Elapsed time spent in this place.
 B = Non-inter-level travel time spent in this place.
 C = Inter-level travel time spent in this place.
 D = Time resting spent in this place.
 E = Time spent auto-exploring this place.
 F = Levels seen in this place.
 G = Mean time per level.
                   A        B        C        D        E       F      G
               +--------+--------+--------+--------+--------+-----+--------+
         Total |    657 |    584 |     73 |      0 |    486 |   1 |  657.0 |
       Dungeon |    657 |    584 |     73 |      0 |    486 |   1 |  657.0 |
               +--------+--------+--------+--------+--------+-----+--------+

Top non-repeatable levels by time:
     D:1: 657 daAuts
